 Dungeon Sprint DCSS version 0.20-a0-809-gaf7f668 (webtiles) character file.

14600000 esc the Conqueror (level 27, -7250/249 HPs)
             Began as a Demonspawn Warper on Mar 3, 2017.
             Was the Champion of Makhleb.
             Annihilated by The Meatlord
             ... wielding the +7 sceptre of Torment
              (7393 damage)
             ... in the Dungeon (Sprint VIII: "Arena of Blood").
             The game lasted 00:06:24 (146 turns).

esc the Conqueror (Demonspawn Warper)                Turns: 146, Time: 00:06:25

Health: -7250/249  AC:  6    Str: 23    XL:     27
Magic:  0/54       EV: 30    Int: 15    God:    Makhleb [******]
Gold:   0          SH:  0    Dex: 14    Spells: 80/80 levels left

rFire    . . .     SeeInvis +   l - +∞ Axe of Woe
rCold    . . .     Gourm    .   b - +0 leather armour
rNeg     + . .     Faith    .   (shield currently unavailable)
rPois    .         Spirit   +   (helmet unavailable)
rElec    .         Reflect  .   (no cloak)
rCorr    .         Harm     .   (gloves unavailable)
MR       ++...     NoTele   +   (boots unavailable)
Stlth    +++++++++.             (no amulet)
Regen    11.6/turn              (no ring)
MPRegen  0.7/turn               m - ring of see invisible {sInv, !d}

@: lethally poisoned (-7250 -> -7250), very slightly contaminated, drained
A: claws 3, horns 3, talons 3, negative energy resistance 1, powered by death 3,
50% torment resistance, magic shield, magic regeneration, magic link, black mark
a: Minor Destruction, Lesser Servant of Makhleb, Major Destruction, Greater
Servant of Makhleb, Renounce Religion


You were in the Dungeon.
You worshipped Makhleb.
Makhleb was exalted by your worship.
You were not hungry.

You visited 1 branch

Inventory:

Hand Weapons
 a - a +0 hand axe
 l - the +∞ Axe of Woe (weapon)
   (You found it in the Dungeon)
Missiles
 e - 5 tomahawks of dispersal {=f}
Armour
 b - a +0 leather armour (worn)
Jewellery
 m - a ring of see invisible (left claw) {sInv, !d}
   (You found it in the Dungeon)
Scrolls
 d - a scroll of blinking {!r}
Potions
 g - a potion of curing
 h - a potion of heal wounds
 i - a potion of haste
 j - 2 potions of magic
 k - a potion of berserk rage {!q}
Books
 c - a book of Spatial Translocations
Comestibles
 f - a bread ration {@e1}


   Skills:
 O Level 27(26.4) Fighting
 O Level 27(26.4) Axes
 O Level 27(26.4) Throwing
 O Level 27(26.4) Armour
 O Level 27(26.4) Dodging
 O Level 27(26.4) Stealth
 O Level 27(26.4) Unarmed Combat
 O Level 27(26.4) Spellcasting
   Level 2.6(2.3) Translocations
 O Level 27(26.4) Invocations


You had 80 spell levels left.
You didn't know any spells.

Dungeon Overview and Level Annotations

Branches:
Dungeon (1/1)

Altars:
Makhleb

Annotations:
D The Captor, The Meatlord, The Servant


Innate Abilities, Weirdness & Mutations

You have claws for hands.
You have a pair of large horns on your head.
You have claws for feet.
You resist negative energy. (rN+)
You regenerate a lot of health from kills.
You are somewhat able to resist unholy torments (1 in 2 success).
When hurt, damage is shared between your health and your magic reserves.
You regenerate magic rapidly.
When low on magic, you restore magic in place of health.
Your melee attacks may debilitate your foes.


Message History

The large abomination is engulfed in blazing flames. x3
You hear a shout! x2
The tyrant is engulfed in blazing flames.
The wretched soul breathes negative energy at you.
The bolt of negative energy hits the large abomination.
The large abomination completely resists.
The bolt of negative energy misses you.
The meat berserker rages.
A bag of meat comes into view. It is wielding a +9 war axe.
You take 35 damage, and have 213/249 hp.
The bag of meat shouts!
You slash the meat berserker!
You butcher the meat berserker messily.
You kill the meat berserker!
Makhleb accepts your kill.
You slice the large abomination!!
You fatally mangle the large abomination.
You destroy the large abomination!
You slice the large abomination!!
You slaughter the large abomination joyfully.
You destroy the large abomination!
You feel sick.
You hear a shout! x2
The dread calls on the powers of darkness!
The bag of meat convulses!
You feel a surge of unholy energy.
The bag of meat convulses!
You hear a shout!
The tyrant is engulfed in blazing flames.
You hear a shout! x2
You regained 3 hp, and now have 216/249 hp.
You regained 5 mp, and now have 35/54 mp.
You cut the tyrant into ribbons!!!
You dissect the tyrant like a pig carcass.
You destroy the tyrant!
Makhleb accepts your kill.
The large abomination disappears in a puff of smoke! x3
The tentacled monstrosity disappears in a puff of smoke!
You slash the dread!
You butcher the dread messily.
You destroy the dread!
Makhleb accepts your kill.
You feel better.
You feel sick.
The dread calls on the powers of darkness!
The bag of meat convulses! x3
Your body is wracked with pain!
The bag of meat convulses!
The meat berserker convulses!
The bag of meat shouts!
A meat berserker comes into view. It is wielding a +9 battleaxe.
You take 63 damage, and have 153/249 hp.
MASSIVE DAMAGE!!
You now have 23/54 mp.
Unknown command.
You hit the wretched soul but do no damage.
You hew the wretched soul savagely.
You destroy the wretched soul!
Makhleb accepts your kill.
You hit the bag of meat.
You dissect the bag of meat like a pig carcass.
You kill the bag of meat!
Makhleb accepts your kill.
You feel better.
You slice the crawling corpse!!
You cleave the crawling corpse in twain.
You destroy the crawling corpse! ------------------------------------------------------------------------------ ------------------------------------------------------------------------------ -- The Meatlord has descended... -- ------------------------------------------------------------------------------ ------------------------------------------------------------------------------ You feel sick.
The meat berserker is engulfed in blazing flames.
You hear a shout!
The corpses meld into an agglomeration of writhing flesh!
The meat berserker rages.
You hear a shout!
Dispater, Lord of the Iron City comes into view.
It is wielding the +7 sceptre of Torment.
The Meatlord shouts, "I shall devour thy spine!"
An orc, an ogre and a small abomination come into view.
You regained 60 hp, and now have 213/249 hp.
You regained 6 mp, and now have 29/54 mp.
Really read
d - 2 scrolls of blinking {!r}?
Blink to where?
You are very lightly contaminated with residual magic.
As you read the scroll of blinking {!r}, it crumbles to dust.
A sea snake, a great orb of eyes, 3 orcs, a hell knight, a crawling corpse, a phantom, a skeletal warrior and Harold come into view.
The Servant is wielding a +9 glaive of flaming.
You feel sick.
The scourge hisses angrily.
The bag of meat shouts!
The eight-headed meat hydra roars!
The fleshlord shouts!
The meat berserker is engulfed in blazing flames.
The meat berserker rages.
The bag of meat hits you with a +9 war axe!!
The meat berserker is engulfed in blazing flames.
The wretched soul breathes negative energy at you.
The bolt of negative energy hits The Meatlord.
The Meatlord completely resists.
The bolt of negative energy hits you! You partially resist.
You feel drained.
The bag of meat hits you with a +9 war axe!!
Two crawling corpses merge to form a small abomination.
You hear a shout!
The small abomination is engulfed in blazing flames.
The fleshlord gestures wildly while chanting.
The fleshlord seems to speed up.
The Meatlord hits you with the +7 sceptre of Torment!!!!!!!!!!
Ouch! That really hurt!
You die...

#...#.)%.§.....))).......
.....#ox)......%)%........
......L..)))...)))........
....§o@x.).)....).........
#...o.oo§#)....).#.z......
...#...o.#%)W.))%#.......
O.....###))....)###S...
.o.....%))###)))..%...
..#.....Oo§_Oo@&%.x...
....§.#§§§xo#)W.....
......#_§§zV#LoD....
....X.#%))§o#oo.z..#
#..%..%.%_z..oop....
..o....O###.§%.@G...
...###... .%.###o... #.%.
...# .... #%.. ..%#


You could see The Meatlord, a tyrant, The Servant (wandering), an eight-headed
meat hydra, a destroyer, an observer (wandering), a scourge, a fleshlord, 3
sculptors of flesh, a wretched soul (invisible), a dread, 3 meat berserkers, 2
small abominations and 10 bags of meat.

Vanquished Creatures
  3 hell knights (D)
  10 hell beasts (D)
  10 greater mummies (D)
  5 great orbs of eyes (D)
  8 wraiths (D)
  21 vampire knights (D)
  41 ogres (D)
  9 two-headed ogres (D)
  11 liches (D)
  3 hydras (D)
  85 orcs (D)
  3 phantoms (D)
  10 skeletal warriors (D)
  2 sea snakes (D)
  7 large abominations (D)
  14 small abominations (D)
  13 crawling corpses (D)
255 creatures vanquished.

Vanquished Creatures (others)
  A two-headed ogre (D)
  4 orcs (D)
  13 crawling corpses (D)
18 creatures vanquished.

Grand Total: 273 creatures vanquished

Notes
Turn   | Place    | Note
-------+----------+-------------------------------------------
     0 | D        | esc the Demonspawn Warper began the quest for the Orb.
     0 | D        | Reached XP level 1. HP: 16/16 MP: 3/3
     4 | D        | Noticed a bag of meat
     4 | D        | Became a worshipper of Makhleb the Destroyer
     5 | D        | Noticed a bag of meat
     8 | D        | Noticed a meat berserker
     8 | D        | Noticed a meat berserker
     8 | D        | Killed a bag of meat
     8 | D        | Reached skill level 12 in Fighting
     8 | D        | Reached skill level 11 in Axes
     8 | D        | Reached skill level 11 in Throwing
     8 | D        | Reached skill level 11 in Armour
     8 | D        | Reached skill level 11 in Dodging
     8 | D        | Reached skill level 11 in Spellcasting
     8 | D        | Gained mutation: You have sharp toenails. [demonic ancestry]
     8 | D        | Reached XP level 2. HP: 39/39 MP: 3/14
     8 | D        | Gained mutation: You have a pair of small horns on your head. [demonic ancestry]
     8 | D        | Reached XP level 3. HP: 45/45 MP: 3/16
     8 | D        | Reached XP level 4. HP: 52/52 MP: 3/17
     8 | D        | Gained mutation: When hurt, damage is shared between your health and your magic reserves. [demonic ancestry]
     8 | D        | Reached XP level 5. HP: 58/58 MP: 3/19
     8 | D        | Reached XP level 6. HP: 65/65 MP: 3/20
     8 | D        | Reached XP level 7. HP: 71/71 MP: 3/22
     8 | D        | Reached XP level 8. HP: 77/77 MP: 3/23
     8 | D        | Gained mutation: You have razor-sharp toenails. [demonic ancestry]
     8 | D        | Reached XP level 9. HP: 83/83 MP: 3/24
     8 | D        | Gained mutation: You regenerate magic rapidly. [demonic ancestry]
     8 | D        | Reached XP level 10. HP: 90/90 MP: 3/25
     8 | D        | Reached XP level 11. HP: 96/96 MP: 3/26
     9 | D        | Noticed a bag of meat
     9 | D        | Noticed a meat berserker
     9 | D        | Noticed a meat berserker
     9 | D        | Noticed a meat berserker
     9 | D        | Killed a bag of meat
     9 | D        | Reached * piety under Makhleb
     9 | D        | Reached skill level 14 in Fighting
     9 | D        | Reached skill level 13 in Axes
     9 | D        | Reached skill level 13 in Throwing
     9 | D        | Reached skill level 12 in Armour
     9 | D        | Reached skill level 13 in Dodging
     9 | D        | Reached skill level 13 in Spellcasting
     9 | D        | Reached XP level 12. HP: 107/107 MP: 3/29
    10 | D        | Noticed a bag of meat
    10 | D        | Noticed a bag of meat
    10 | D        | Noticed a meat berserker
    10 | D        | HP: 22/107 [meat berserker/+9 battleaxe (28)]
    11 | D        | Noticed a bag of meat
    11 | D        | Noticed a meat berserker
    11 | D        | Killed a meat berserker
    11 | D        | Reached skill level 16 in Fighting
    11 | D        | Reached skill level 15 in Axes
    11 | D        | Reached skill level 15 in Throwing
    11 | D        | Reached skill level 15 in Armour
    11 | D        | Reached skill level 15 in Dodging
    11 | D        | Reached skill level 15 in Spellcasting
    11 | D        | Gained mutation: You regenerate a little health from kills. [demonic ancestry]
    11 | D        | Reached XP level 13. HP: 24/119 MP: 0/32
    11 | D        | Gained mutation: You have claws for feet. [demonic ancestry]
    11 | D        | Reached XP level 14. HP: 26/126 MP: 0/33
    11 | D        | Killed a meat berserker
    11 | D        | Reached skill level 18 in Fighting
    11 | D        | Reached skill level 16 in Axes
    11 | D        | Reached skill level 16 in Throwing
    11 | D        | Reached skill level 16 in Armour
    11 | D        | Reached skill level 16 in Dodging
    11 | D        | Reached skill level 16 in Spellcasting
    11 | D        | Gained mutation: You have sharp fingernails. [demonic ancestry]
    11 | D        | Reached XP level 15. HP: 28/136 MP: 0/35
    11 | D        | Killed a meat berserker
    11 | D        | Reached ** piety under Makhleb
    11 | D        | Reached skill level 19 in Fighting
    11 | D        | Reached skill level 18 in Axes
    11 | D        | Reached skill level 18 in Throwing
    11 | D        | Reached skill level 18 in Armour
    11 | D        | Reached skill level 18 in Dodging
    11 | D        | Reached skill level 18 in Spellcasting
    11 | D        | Killed a meat berserker
    11 | D        | Reached skill level 20 in Fighting
    11 | D        | Reached skill level 19 in Axes
    11 | D        | Reached skill level 19 in Throwing
    11 | D        | Reached skill level 19 in Armour
    11 | D        | Reached skill level 19 in Dodging
    11 | D        | Reached skill level 19 in Spellcasting
    11 | D        | Gained mutation: You have very sharp fingernails. [demonic ancestry]
    11 | D        | Reached XP level 16. HP: 126/150 MP: 0/39
    12 | D        | Noticed a meat berserker
    12 | D        | Noticed a meat berserker
    12 | D        | Killed a meat berserker
    12 | D        | Reached skill level 21 in Fighting
    12 | D        | Reached skill level 20 in Axes
    12 | D        | Reached skill level 20 in Throwing
    12 | D        | Reached skill level 20 in Armour
    12 | D        | Reached skill level 20 in Dodging
    12 | D        | Reached skill level 20 in Spellcasting
    12 | D        | Gained mutation: You have claws for hands. [demonic ancestry]
    12 | D        | Reached XP level 17. HP: 103/160 MP: 1/41
    12 | D        | Killed a meat berserker
    12 | D        | Reached *** piety under Makhleb
    12 | D        | Reached skill level 22 in Fighting
    12 | D        | Reached skill level 21 in Axes
    12 | D        | Reached skill level 21 in Throwing
    12 | D        | Reached skill level 21 in Armour
    12 | D        | Reached skill level 21 in Dodging
    12 | D        | Reached skill level 21 in Spellcasting
    13 | D        | Noticed a meat berserker
    14 | D        | Reached skill level 23 in Fighting
    14 | D        | Reached skill level 22 in Axes
    14 | D        | Reached skill level 22 in Throwing
    14 | D        | Reached skill level 22 in Armour
    14 | D        | Reached skill level 22 in Dodging
    14 | D        | Reached skill level 22 in Spellcasting
    14 | D        | Gained mutation: You have a pair of horns on your head. [demonic ancestry]
    14 | D        | Reached XP level 18. HP: 114/173 MP: 2/44
    15 | D        | Noticed a meat berserker
    15 | D        | Noticed a meat berserker
    16 | D        | Killed a meat berserker
    16 | D        | Reached **** piety under Makhleb
    16 | D        | Reached skill level 24 in Fighting
    16 | D        | Reached skill level 23 in Axes
    16 | D        | Reached skill level 23 in Throwing
    16 | D        | Reached skill level 23 in Armour
    16 | D        | Reached skill level 23 in Dodging
    16 | D        | Reached skill level 23 in Spellcasting
    17 | D        | Noticed a large bag of meat
    17 | D        | Reached skill level 25 in Fighting
    17 | D        | Gained mutation: You regenerate health from kills. [demonic ancestry]
    17 | D        | Reached XP level 19. HP: 184/184 MP: 2/46
    17 | D        | Killed a meat berserker
    17 | D        | Reached skill level 26 in Fighting
    17 | D        | Reached skill level 24 in Axes
    17 | D        | Reached skill level 24 in Throwing
    17 | D        | Reached skill level 24 in Armour
    17 | D        | Reached skill level 24 in Dodging
    17 | D        | Reached skill level 24 in Spellcasting
    18 | D        | Reached ***** piety under Makhleb
    18 | D        | Reached skill level 25 in Axes
    18 | D        | Reached skill level 25 in Throwing
    18 | D        | Reached skill level 25 in Dodging
    18 | D        | Reached skill level 25 in Spellcasting
    18 | D        | Killed a meat berserker
    18 | D        | Reached skill level 27 in Fighting
    18 | D        | Reached skill level 25 in Armour
    18 | D        | Reached XP level 20. HP: 197/197 MP: 2/49
    18 | D        | Killed a meat berserker
    18 | D        | Reached skill level 26 in Axes
    18 | D        | Reached skill level 26 in Throwing
    18 | D        | Reached skill level 26 in Armour
    18 | D        | Reached skill level 26 in Dodging
    18 | D        | Reached skill level 26 in Spellcasting
    19 | D        | Noticed a meat berserker
    20 | D        | Noticed a meat berserker
    20 | D        | Noticed a destroyer
    21 | D        | Reached skill level 27 in Axes
    21 | D        | Reached skill level 27 in Throwing
    21 | D        | Reached skill level 27 in Armour
    21 | D        | Reached skill level 27 in Dodging
    21 | D        | Reached skill level 27 in Spellcasting
    21 | D        | Reached skill level 2 in Stealth
    21 | D        | Reached skill level 2 in Unarmed Combat
    21 | D        | Reached skill level 3 in Invocations
    21 | D        | Killed a meat berserker
    21 | D        | Reached skill level 12 in Stealth
    21 | D        | Reached skill level 11 in Unarmed Combat
    21 | D        | Reached skill level 15 in Invocations
    22 | D        | Killed a meat berserker
    22 | D        | Reached skill level 16 in Stealth
    22 | D        | Reached skill level 15 in Unarmed Combat
    22 | D        | Reached skill level 20 in Invocations
    22 | D        | Gained mutation: You resist negative energy. (rN+) [demonic ancestry]
    22 | D        | Reached XP level 21. HP: 204/204 MP: 4/52
    22 | D        | Reached skill level 19 in Stealth
    22 | D        | Reached skill level 18 in Unarmed Combat
    22 | D        | Reached skill level 24 in Invocations
    22 | D        | Reached skill level 20 in Stealth
    22 | D        | Reached skill level 19 in Unarmed Combat
    22 | D        | Reached skill level 25 in Invocations
    23 | D        | Noticed a large bag of meat
    24 | D        | Noticed a destroyer
    26 | D        | Reached ****** piety under Makhleb
    26 | D        | Reached skill level 23 in Stealth
    26 | D        | Reached skill level 21 in Unarmed Combat
    26 | D        | Reached skill level 27 in Invocations
    26 | D        | Reached skill level 24 in Stealth
    26 | D        | Reached skill level 23 in Unarmed Combat
    26 | D        | Reached XP level 22. HP: 196/212 MP: 3/53
    26 | D        | Reached skill level 26 in Stealth
    26 | D        | Reached skill level 24 in Unarmed Combat
    26 | D        | Reached skill level 27 in Stealth
    26 | D        | Reached skill level 25 in Unarmed Combat
    27 | D        | Noticed a destroyer
    27 | D        | HP: 20/212 [bag of meat/+9 war axe (37)]
    27 | D        | Noticed a destroyer
    28 | D        | Noticed a large bag of meat
    28 | D        | Killed a destroyer
    28 | D        | Reached skill level 27 in Unarmed Combat
    28 | D        | Gained mutation: You have a pair of large horns on your head. [demonic ancestry]
    28 | D        | Reached XP level 23. HP: 181/219 MP: 1/54
    28 | D        | Killed a large bag of meat
    30 | D        | Noticed a large bag of meat
    30 | D        | Gained mutation: When low on magic, you restore magic in place of health. [demonic ancestry]
    30 | D        | Reached XP level 24. HP: 227/227 MP: 1/54
    32 | D        | Killed a destroyer
    32 | D        | Gained mutation: You are somewhat able to resist unholy torments (1 in 2 success). [demonic ancestry]
    32 | D        | Reached XP level 25. HP: 136/234 MP: 3/54
    33 | D        | Killed a destroyer
    36 | D        | Killed a destroyer
    36 | D        | Gained mutation: You regenerate a lot of health from kills. [demonic ancestry]
    36 | D        | Reached XP level 26. HP: 242/242 MP: 25/54
    38 | D        | Noticed a destroyer
    38 | D        | Noticed a destroyer
    46 | D        | Noticed an accursed
    47 | D        | Noticed a destroyer
    48 | D        | Killed a destroyer
    49 | D        | Noticed a tyrant
    49 | D        | Noticed a destroyer
    52 | D        | Noticed a large bag of meat
    53 | D        | Noticed a tyrant
    53 | D        | Noticed a tyrant
    53 | D        | Killed a destroyer
    53 | D        | Gained mutation: Your melee attacks may debilitate your foes. [demonic ancestry]
    53 | D        | Reached XP level 27. HP: 249/249 MP: 40/54
    54 | D        | Noticed a tyrant
    55 | D        | Noticed a destroyer
    55 | D        | Noticed a destroyer
    55 | D        | Noticed a destroyer
    55 | D        | Killed a tyrant
    55 | D        | Killed a destroyer
    56 | D        | Noticed a tyrant
    57 | D        | Noticed a destroyer
    57 | D        | Killed a large bag of meat
    58 | D        | Noticed a destroyer
    58 | D        | Noticed a tyrant
    59 | D        | Noticed The Captor
    60 | D        | Noticed a meat beast
    61 | D        | Killed a destroyer
    62 | D        | Killed a tyrant
    62 | D        | Killed a destroyer
    63 | D        | Killed a meat beast
    64 | D        | Noticed a dread
    64 | D        | Killed a destroyer
    64 | D        | Killed a destroyer
    65 | D        | Noticed a destroyer
    65 | D        | Killed a large bag of meat
    66 | D        | Killed a tyrant
    66 | D        | Killed a destroyer
    67 | D        | Noticed a large bag of meat
    69 | D        | Noticed an accursed
    70 | D        | Noticed a dread
    70 | D        | Noticed a dread
    71 | D        | Killed a destroyer
    72 | D        | Killed a large bag of meat
    73 | D        | Noticed a destroyer
    74 | D        | Noticed a dread
    74 | D        | Noticed a tyrant
    75 | D        | Noticed an accursed
    75 | D        | Noticed a destroyer
    76 | D        | Killed a dread
    77 | D        | Noticed a destroyer
    78 | D        | Noticed a meat beast
    79 | D        | Noticed a meat beast
    79 | D        | Killed a large bag of meat
    79 | D        | Killed a destroyer
    80 | D        | Killed a destroyer
    81 | D        | Killed a destroyer
    82 | D        | Killed a meat beast
    82 | D        | Killed a large bag of meat
    83 | D        | Noticed an accursed
    83 | D        | Noticed an accursed
    83 | D        | Killed a destroyer
    84 | D        | Killed a dread
    84 | D        | Killed a dread
    86 | D        | Noticed a meat beast
    86 | D        | Noticed a dread
    86 | D        | Noticed a meat beast
    86 | D        | Noticed a large bag of meat
    86 | D        | Noticed a large bag of meat
    87 | D        | Killed an accursed
    87 | D        | Killed a meat beast
    88 | D        | Killed a tyrant
    89 | D        | Killed a meat beast
    91 | D        | Noticed a large bag of meat
    91 | D        | Killed an accursed
    91 | D        | Killed a dread
    91 | D        | Killed an accursed
    93 | D        | Noticed a meat beast
    93 | D        | Killed a large bag of meat
    94 | D        | Noticed an accursed
    98 | D        | Killed a large bag of meat
    98 | D        | Killed an accursed
    99 | D        | Noticed an accursed
    99 | D        | Killed a tyrant
   100 | D        | Killed a dread
   100 | D        | Killed a meat beast
   100 | D        | Killed a meat beast
   101 | D        | Noticed a dread
   101 | D        | Noticed a tyrant
   102 | D        | Killed a tyrant
   102 | D        | Killed a large bag of meat
   103 | D        | Noticed a destroyer
   103 | D        | Noticed a destroyer
   105 | D        | Noticed an accursed
   106 | D        | Noticed an accursed
   106 | D        | Killed a tyrant
   109 | D        | Killed a destroyer
   109 | D        | Killed a tyrant
   110 | D        | Noticed a tyrant
   110 | D        | Killed an accursed
   111 | D        | Noticed a dread
   111 | D        | Killed an accursed
   112 | D        | HP: 52/249 [reaper/scythe of flaming[an accursed's death curse] (29)]
   112 | D        | HP: 5/249 [tyrant/the air (41)]
   113 | D        | Killed an accursed
   113 | D        | Killed an accursed
   114 | D        | Killed a destroyer
   117 | D        | Noticed an accursed
   118 | D        | Killed an accursed
   120 | D        | Killed a dread
   121 | D        | Noticed a large bag of meat
   124 | D        | Noticed a meat beast
   124 | D        | Noticed a meat beast
   125 | D        | Noticed a destroyer
   126 | D        | Noticed a tyrant
   127 | D        | Noticed a meat beast
   127 | D        | Noticed a fleshlord
   127 | D        | Noticed a dread
   128 | D        | Killed a meat beast
   128 | D        | Noticed a meat beast
   129 | D        | Noticed a destroyer
   129 | D        | Killed a meat beast
   130 | D        | Noticed a fleshlord
   130 | D        | Noticed a tyrant
   130 | D        | Noticed a dread
   131 | D        | Noticed a fleshlord
   131 | D        | Noticed a tyrant
   131 | D        | Killed a tyrant
   132 | D        | Killed an accursed
   133 | D        | Killed a meat beast
   134 | D        | Killed a destroyer
   134 | D        | Killed a dread
   134 | D        | Killed a tyrant
   136 | D        | Killed a meat beast
   136 | D        | Killed a large bag of meat
   138 | D        | Noticed a destroyer
   138 | D        | Killed a fleshlord
   138 | D        | Killed a fleshlord
   140 | D        | Killed a fleshlord
   142 | D        | Killed a destroyer
   144 | D        | Killed a tyrant
   144 | D        | Killed a dread
   145 | D        | Noticed The Meatlord
   146 | D        | Noticed The Servant
   146 | D        | Noticed a fleshlord
   146 | D        | Annihilated by The Meatlord

Vault maps used:
D:        meatsprint

Skill      XL: |  1  2  3  4  5  6  7  8  9 10 11 12 13 14 15 16 17 18 19 20 21 22 |
---------------+-------------------------------------------------------------------+-----
Fighting       | 12 14 16 18 20 21 23 25 27 | 27.0
Axes           | 11 13 15 16 19 20 22 23 25 27 | 27.0
Throwing       | 11 13 15 16 19 20 22 23 25 27 | 27.0
Armour         | 11 12 15 16 19 20 22 23 25 27 | 27.0
Dodging        | 11 13 15 16 19 20 22 23 25 27 | 27.0
Spellcasting   | 11 13 15 16 19 20 22 23 25 27 | 27.0
Stealth        | 16 24 27 | 27.0
Unarmed Combat | 15 23 27 | 27.0
Invocations    | 20 27 | 27.0
Translocations | |  2.6

Action                   |  1- 3 |  4- 6 |  7- 9 | 10-12 | 13-15 | 16-18 | 19-21 | 22-24 | 25-27 || total
-------------------------+-------+-------+-------+-------+-------+-------+-------+-------+-------++-------
Melee: Executioner's axe |     1 |       |       |     2 |       |     4 |     4 |     3 |    72 ||    86
  Use: Scroll            |       |       |       |       |       |       |       |       |     1 ||     1
Armor: Leather armour    |       |       |       |       |       |       |       |     1 |     2 ||     3
Dodge: Dodged            |       |       |       |       |       |       |     3 |       |    27 ||    30

Vault maps used:
D:        meatsprint

Table legend:
 A = Turns spent in this place as a percentage of turns spent in the entire game.
 B = Non-inter-level travel turns spent in this place as a percentage of non-inter-level travel turns spent in the entire game.
 C = Inter-level travel turns spent in this place as a percentage of turns spent in this place.
 D = Turns resting spent in this place as a percentage of non-inter-level travel turns spent in this place.
 E = Turns spent auto-exploring this place as a percentage of non-inter-level travel turns spent in this place.
 F = Non-inter-level travel turns spent in this place divided by the number of levels of this place that you've seen.
                   A       B       C       D       E      F
               +-------+-------+-------+-------+-------+----------------------
         Total | 100.0 | 100.0 |   0.0 |   0.0 |   0.0 | 318.0
       Dungeon | 100.0 | 100.0 |   0.0 |   0.0 |   0.0 | 318.0
               +-------+-------+-------+-------+-------+----------------------

Table legend:
 A = Kills in this place as a percentage of kills in entire the game.
 B = Kills by you in this place as a percentage of kills by you in the entire game.
 C = Kills by friends in this place as a percentage of kills by friends in the entire game.
 D = Other kills in this place as a percentage of other kills in the entire game.
 E = Experience gained in this place as a percentage of experience gained in the entire game.
 F = Experience gained in this place divided by the number of levels of this place that you have seen.
                   A       B       C       D       E      F
               +-------+-------+-------+-------+-------+----------------------
         Total | 100.0 | 100.0 |  -nan |  -nan | 100.0 | 7686960.0
       Dungeon | 100.0 | 100.0 |  -nan |  -nan | 100.0 | 7686960.0
               +-------+-------+-------+-------+-------+----------------------
